 Dungeon Crawl Stone Soup version 0.13-a0-2350-g4422b0a (webtiles) character file.

289 M4edhros the Sneak (level 5, 0/34 HPs)
             Began as an Octopode Artificer on July 11, 2013.
             Slain by an orc
             ... wielding a -1,+1 orcish flail
              (7 damage)
             ... on Level 3 of the Dungeon.
             The game lasted 00:03:47 (2341 turns).

M4edhros the Sneak (Octopode Artificer)             Turns: 2341, Time: 00:03:47

HP   0/34        AC  1     Str 10      XL: 5   Next: 31%
MP   7/7         EV 12     Int 15      God:
Gold 140         SH  0     Dex 13      Spells:  0 memorised,  4 levels left

Res.Fire  : . . .   See Invis. : .   B - +2,+0 elf short sword (venom)
Res.Cold  : . . .   Warding    : .   (no shield)
Life Prot.: . . .   Conserve   : .   (helmet restricted)
Res.Poison: .       Res.Corr.  : .   (no amulet)
Res.Elec. : .       Clarity    : .   (no ring)
Sust.Abil.: . .     Spirit.Shd : .   r - ring of sustenance
Res.Mut.  : .       Stasis     : .   (no ring)
Res.Rott. : .       Flight     : .   (no ring)
Saprovore : . . .                    (no ring)
                                     (no ring)
                                     (no ring)
                                     (no ring)

@: slightly resistant to hostile enchantments, very stealthy
A: almost no armour, amphibious, 8 rings, constrict 8, camouflage 1, AC +1
a: no special abilities


You were on level 3 of the Dungeon.
You were not hungry.

You visited 1 branch of the dungeon, and saw 3 of its levels.

You collected 120 gold pieces.

Inventory:

Hand weapons
 j - a +0,+1 dagger of holy wrath (quivered)
 l - a +0,+2 dagger of venom
 v - a +0,+0 sling
 B - a +2,+0 elven short sword of venom (weapon)
Missiles
 w - 17 stones
 y - 25 sling bullets
 A - a throwing net [torn]
Magical devices
 b - a wand of flame (13)
 c - a wand of enslavement (7)
 d - a wand of random effects (15)
 D - a wand of cold (7) {unknown}
Comestibles
 f - 2 bread rations
 g - 3 apples
 n - 3 chokos
 q - 14 grapes
 s - a lychee
 C - a banana
Scrolls
 e - 2 scrolls of magic mapping
 o - a scroll of remove curse
 t - 3 scrolls of enchant armour {unknown}
 x - 2 scrolls of random uselessness {unknown}
Jewellery
 r - a ring of sustenance (right tentacle)
Potions
 a - a potion of might {unknown}
 h - a potion of poison {unknown}
 i - a potion of brilliance {unknown}
 k - a potion of restore abilities
 m - a potion of invisibility
 p - a potion of heal wounds {unknown}
 u - a potion of speed {unknown}


   Skills:
 - Level 1.0 Fighting
 + Level 2.7 Short Blades
 - Level 2.0 Dodging
 * Level 6.1 Stealth
 - Level 2.1 Traps
 - Level 3.2 Evocations


You had 4 spell levels left.
You didn't know any spells.

Dungeon Overview and Level Annotations

Branches:
Dungeon (3/27)

Altars:


Innate Abilities, Weirdness & Mutations

You cannot wear most types of armour.
You are amphibious.
You can wear up to eight rings at the same time.
You can use your tentacles to constrict many enemies at once.
Your skin changes colour to match your surroundings (Stlth).
Your rubbery body absorbs attacks (AC +1).


Message History

An orc comes into view. It is wielding an orcish flail.
There are monsters nearby!
Found a stone staircase leading down.
There are monsters nearby!
There are monsters nearby!
Found a stone staircase leading up.
The helpless orc fails to defend itself.
You slice the orc!!
You kill the orc!
You closely miss the orc. Your grab misses the orc. You squeeze the orc.
The orc is lightly wounded.
The orc hits you with an orcish flail!
* * * LOW HITPOINT WARNING * * *
You are too injured to fight recklessly!
You are too injured to fight recklessly!
You are too injured to fight recklessly!
You closely miss the orc. You grab the orc.
The orc is lightly wounded.
You constrict the orc. The orc hits you with an orcish flail!
You die...

##### #...##
### #.).<# ..#
###@#####.#
#..o...#..#
#.#.......#
####
#....#.#..#
....
......>#.#..#
.######
#....#.#.#..#
......#
###..#.#.#..##
......#
#..#.#.....#
......#
#..#.###...#


You could see an orc.

Vanquished Creatures
  An orc wizard (D:3)
  6 adders
  A worm (D:2)
  A giant gecko (D:2)
  An ooze (D:2)
  15 orcs (D:3)
  5 giant cockroaches
  4 goblins
  8 hobgoblins
  8 kobolds
  A quokka (D:2)
  5 bats
  2 giant newts (D:1)
  7 rats
65 creatures vanquished.

Vanquished Creatures (others)
  A goblin (D:1)
1 creature vanquished.

Grand Total: 66 creatures vanquished

Notes
Turn   | Place    | Note
--------------------------------------------------------------
     0 | D:1      | M4edhros, the Octopode Artificer, began the quest for the Orb.
     0 | D:1      | Reached XP level 1. HP: 14/14 MP: 1/1
   155 | D:1      | Reached XP level 2. HP: 9/19 MP: 3/3
   741 | D:2      | Reached XP level 3. HP: 24/24 MP: 4/4
   801 | D:2      | Reached skill level 4 in Stealth
  1037 | D:2      | Reached XP level 4. HP: 21/29 MP: 6/6
  1812 | D:3      | Reached skill level 5 in Stealth
  2274 | D:3      | Reached XP level 5. HP: 16/34 MP: 7/7
  2331 | D:3      | Reached skill level 6 in Stealth
  2341 | D:3      | Slain by an orc

Action                   |  1- 3 |  4- 6 || total
-------------------------+-------+-------++-------
Melee: Short sword       |    10 |    45 ||    55
       Dagger            |    45 |    19 ||    64
Evoke: Wand              |       |    10 ||    10
  Use: Scroll            |     5 |     1 ||     6
 Stab: Sleeping          |     8 |     4 ||    12
